 Dungeon Crawl Stone Soup version 0.23.2-1-ga50397a (webtiles) character file.

Game seed: 6359324761698788614

1001 IBeShadow the Skirmisher (level 8, -1/78 HPs)
             Began as a Tengu Fighter on May 16, 2019.
             Was an Initiate of Okawaru.
             Succumbed to a water moccasin's poison
             ... on level 5 of the Dungeon.
             The game lasted 00:05:34 (4130 turns).

IBeShadow the Skirmisher (Tengu Fighter)            Turns: 4130, Time: 00:05:34

Health: -1/78      AC:  8    Str: 23    XL:     8   Next: 20%
Magic:  13/13      EV:  9    Int:  8    God:    Okawaru [......]
Gold:   490        SH:  0    Dex: 15    Spells: 7/7 levels left

rFire    . . .     SeeInvis .   a - +0 flail
rCold    . . .     Gourm    .   (no shield)
rNeg     . . .     Faith    .   l - +0 chain mail
rPois    .         Spirit   .   (helmet restricted)
rElec    .         Reflect  .   (no cloak)
rCorr    .         Harm     .   (no gloves)
MR       .....                  (boots unavailable)
Stlth    ..........             g - amulet of rage
HPRegen  0.23/turn              q - ring of attention (curse)
MPRegen  0.13/turn              (no ring)

@: berserking (expiring), lethally poisoned (-1 -> -23), flying quickly and
evasively, drained, very quick
A: beak, talons 3, able to fly
a: Stop Flying, Renounce Religion, Evoke Berserk Rage


You were on level 5 of the Dungeon.
You worshipped Okawaru.
Okawaru was noncommittal.
You were not hungry.

You visited 2 branches of the dungeon, and saw 6 of its levels.
You also visited: Ossuary.

You collected 490 gold pieces.

Inventory:

Hand Weapons
 a - a +0 flail (weapon)
Armour
 b - a +0 scale mail
 c - a +0 shield
 l - a +0 chain mail (worn)
Jewellery
 g - an amulet of rage (around neck)
 q - a cursed ring of attention (left hand)
Wands
 s - a wand of paralysis (6)
 u - a wand of flame (19)
Scrolls
 h - a scroll of immolation {unknown}
 i - a scroll of fog {unknown}
 j - 2 scrolls of remove curse
 k - 7 scrolls of identify
 m - a scroll of enchant weapon {unknown}
 n - a scroll of teleportation {unknown}
 o - a scroll of enchant armour {unknown}
 p - 4 scrolls of magic mapping
 v - a scroll of noise {unknown}
 w - 2 scrolls of random uselessness {unknown}
 y - a scroll of summoning {unknown}
 C - a scroll of fear {unknown}
Potions
 d - a potion of might
 e - 3 potions of curing
 r - a potion of heal wounds {unknown}
 t - 2 potions of haste {unknown}
 x - a potion of degeneration {unknown}
 z - a potion of cancellation {unknown}
 A - a potion of lignification {unknown}
Comestibles
 f - 7 rations
 B - 2 chunks of flesh


   Skills:
 * Level 6.5(5.8) Fighting
 + Level 4.9(4.2) Maces & Flails
 - Level 3.2(2.6) Armour
 - Level 3.0(2.3) Shields
 + Level 1.0(0.4) Invocations
 * Level 5.5(4.9) Evocations


You had 7 spell levels left.
You didn't know any spells.
Your spell library was empty.

Dungeon Overview and Level Annotations

Branches:
Dungeon (5/15)             Temple (1/1) D:4

Altars:
Ashenzari
Dithmenos
Fedhas
Hepliaklqana
Kikubaaqudgha
Nemelex Xobeh
Okawaru
Qazlal
Ru
Sif Muna
Trog
Uskayaw
Vehumet
Wu Jian
Xom
The Shining One


Innate Abilities, Weirdness & Mutations

You have a beak for a mouth.
You have claws for feet.
You can fly continuously.


Message History

You miss the water moccasin. Your kick misses the water moccasin.
The water moccasin is severely wounded.
* * * LOW HITPOINT WARNING * * *
You feel sick. The water moccasin barely misses you.
You sock the water moccasin!
You kill the water moccasin!
Okawaru accepts your kill.
Your base Invocations skill increases to level 1!
* * * LOW HITPOINT WARNING * * *
You feel sick.
Unknown command.
* * * LOW HITPOINT WARNING * * *
You feel sick.
You are too berserk!
Eat one of 3 chunks of flesh? (ye/n/q)
Okay, then.
Eat one of 3 chunks of flesh? (ye/n/q)
You eat one of the 3 chunks of flesh.
This raw flesh tastes terrible.
You feel a strong urge to attack something.
You die...

###.# #.# #..#.#
....###÷####..#.#
.........##.....#
##..###..##.###.#
#..# #.....#
#.###.# #..#
#.###.###.[...#
...........#####
.....####.##.#####
#......
...##.@†..#
#########
#######..... ###


There were no monsters in sight!

Vanquished Creatures
  Sigmund (D:4)
  A water moccasin (D:5)
  A phantom (D:5)
  An ogre (D:4)
  A bullfrog (D:2)
  A bullfrog skeleton (D:4)
  2 orc wizards
  Natasha (thrice) (D:3)
  2 worker ants (D:5)
  A hound skeleton (D:4)
  8 mummies (Ossuary)
  12 adders
  2 worms
  3 dart slugs
  2 leopard geckos
  5 orcs
  A ball python (D:2)
  3 giant cockroaches
  8 goblins
  3 hobgoblins
  2 jackals (D:5)
  A quokka (D:3)
  A ball python skeleton (D:4)
  A bat (D:1)
  4 frilled lizards
  A goblin zombie (D:4)
  2 hobgoblin zombies (Ossuary)
  6 kobolds
  5 kobold zombies (Ossuary)
  An orc zombie (Ossuary)
  A quokka zombie (D:4)
  5 rats
91 creatures vanquished.

Notes
Turn   | Place    | Note
-------+----------+-------------------------------------------
     0 | D:1      | IBeShadow the Tengu Fighter began the quest for the Orb.
     0 | D:1      | Reached XP level 1. HP: 14/14 MP: 2/2
   300 | D:1      | Found a sparkling altar of Nemelex Xobeh.
   328 | D:1      | Reached XP level 2. HP: 19/19 MP: 3/3
   693 | D:2      | Reached skill level 1 in Evocations
   725 | D:2      | Reached XP level 3. HP: 21/23 MP: 4/4
   726 | D:2      | Noticed a bullfrog
   731 | D:2      | Killed a bullfrog
   731 | D:2      | Reached skill level 4 in Fighting
   731 | D:2      | Reached XP level 4. HP: 27/29 MP: 4/6
  1111 | D:2      | Gained mutation: You can fly continuously. [Tengu growth]
  1111 | D:2      | Reached XP level 5. HP: 33/33 MP: 7/7
  1783 | D:3      | Found a glowing golden altar of the Shining One.
  1933 | D:3      | Noticed Natasha
  1940 | D:3      | Killed Natasha
  1940 | D:3      | Reached XP level 6. HP: 16/40 MP: 9/9
  2130 | D:3      | Found a deep blue altar of Sif Muna.
  2135 | D:3      | Found a blossoming altar of Fedhas.
  2375 | D:3      | Noticed Natasha
  2380 | D:3      | Killed Natasha
  2395 | D:3      | Reached skill level 5 in Fighting
  2464 | D:3      | Noticed Natasha
  2471 | D:3      | Killed Natasha
  2578 | D:4      | Found a sand-covered staircase.
  2592 | Ossuary  | Entered an ossuary
  2670 | Ossuary  | Reached XP level 7. HP: 25/44 MP: 9/11
  2857 | D:4      | Noticed Sigmund
  2865 | D:4      | Killed Sigmund
  3188 | D:4      | Reached skill level 6 in Fighting
  3188 | D:4      | Reached skill level 5 in Evocations
  3327 | D:4      | Found a staircase to the Ecumenical Temple.
  3373 | Temple   | Entered the Ecumenical Temple
  3449 | Temple   | Became a worshipper of Warmaster Okawaru
  3564 | D:4      | Found a shadowy altar of Dithmenos.
  3624 | D:5      | Entered Level 5 of the Dungeon
  3646 | D:5      | Reached XP level 8. HP: 24/51 MP: 12/12
  4128 | D:5      | Reached skill level 1 in Invocations
  4128 | D:5      | HP: 2/78 [poisoned by a water moccasin]
  4130 | D:5      | Succumbed to a water moccasin's poison

Skill      XL: |  1  2  3  4  5  6  7  8 |
---------------+-------------------------+-----
Evocations     | 1 2 3 4 5 |  5.5
Fighting       | 4 5 6 |  6.5
Maces & Flails | 3 4 |  4.9
Invocations    | 1 |  1.0
Armour         | |  3.2
Shields        | |  3.0

Action                   |  1- 3 |  4- 6 |  7- 9 || total
-------------------------+-------+-------+-------++-------
Melee: Flail             |    38 |   140 |    63 ||   241
       Kick              |     7 |    41 |    19 ||    67
       Peck              |     2 |    19 |    13 ||    34
 Abil: Evoke Berserk Rag |       |     1 |     1 ||     2
       Fly               |       |     1 |       ||     1
  Use: Scroll            |       |     3 |       ||     3
       Potion            |       |     4 |       ||     4
  Eat: Chunk             |       |     6 |     6 ||    12
Armor: Scale mail        |    21 |    10 |       ||    31
       Chain mail        |       |    63 |    20 ||    83
Dodge: Dodged            |    13 |    79 |    19 ||   111
Block: Shield            |     1 |       |       ||     1
